 Dungeon Crawl Stone Soup version 0.29.0-4-gdea44cf6ec (webtiles) character file.

Game seed: 7753519836967355344

295 qw the Chopper (level 6, -2/38 HPs)
             Began as a Gargoyle Fighter on Sept 9, 2022.
             Slain by Edmund
             ... wielding a +7 vorpal dire flail
              (6 damage)
             ... on level 4 of the Dungeon.
             The game lasted 00:01:35 (3396 turns).

qw the Chopper (Gargoyle Fighter)                   Turns: 3396, Time: 00:01:36

Health: -2/38      AC: 13    Str: 21    XL:     6   Next: 34%
Magic:  6/6        EV:  9    Int:  9    God:
Gold:   181        SH:  4    Dex:  9    Spells: 5/5 levels left

rFire   . . .      SeeInvis .   Y - +0 war axe
rCold   . . .      Faith    .   c - +0 buckler
rNeg    + . .      Spirit   .   b - +0 scale mail
rPois   inf        Reflect  .   (no helmet)
rElec   +          Harm     .   (no cloak)
rCorr   .          Rampage  .   i - +0 pair of gloves
Will    .....                   j - +0 pair of boots
Stlth   ..........              (no amulet)
HPRegen 0.12/turn               (no ring)
MPRegen 0.10/turn               (no ring)

@: no status effects
A: sickness immunity, AC +4, negative energy resistance 1, electricity
resistance, torment resistance 1, petrification resistance
a: no special abilities


You were on level 4 of the Dungeon.
You visited 1 branch of the dungeon, and saw 4 of its levels.
You also visited: Sewer.

You collected 181 gold pieces.


Innate Abilities, Weirdness & Mutations

You are immune to sickness and miasma.
Your stone body is resilient. (AC +4)
You are immune to poison.
You resist negative energy. (rN+)
You are resistant to electric shocks. (rElec)
You are resistant to unholy torment.
You are immune to petrification.


   Skills:
 - Level 4.0 Fighting
 + Level 5.3 Axes
 - Level 3.2 Armour
 - Level 1.1 Dodging
 - Level 3.2 Shields


You had 5 spell levels left.
You didn't know any spells.
Your spell library was empty.

Inventory:

Hand Weapons
 r - a +0 hammer of protection
 Y - a +0 war axe (weapon)
Missiles
 m - 3 boomerangs (quivered)
Armour
 b - a +0 scale mail (worn)
 c - a +0 buckler (worn)
 i - a +0 pair of gloves (worn)
 j - a +0 pair of boots (worn)
 s - a +0 chain mail
Jewellery
 n - a ring of ice
Scrolls
 a - a scroll of identify
Potions
 d - 4 potions of might
 e - 4 potions of curing
 f - a potion of heal wounds
 g - a potion of mutation
 h - a potion of ambrosia {unknown}
 k - a potion of berserk rage {unknown}
 l - 2 potions of haste
 o - a potion of lignification {unknown}
 p - a potion of brilliance {unknown}
 q - a potion of cancellation {unknown}
 t - a potion of resistance {unknown}

Dungeon Overview and Level Annotations

Branches:
Dungeon (4/15)              Sewer (visited)
 Temple: D:4-7

Altars:
Gozag

Annotations:
D:3 1 runed translucent door, Crazy Yiuf
D:4 Edmund


Message History

Edmund the Younger comes into view.
He is wielding a +7 vorpal dire flail.
Edmund shouts!
Edmund moves out of view.
Throw: 3 boomerangs
Press: ? - help, Q - select action Shift-Dir - straight line, f - Edmund You throw a boomerang.
The boomerang completely misses Edmund.
Edmund says, "You wouldn't believe how much I paid for this flail."
Throw: 3 boomerangs
Press: ? - help, Q - select action Shift-Dir - straight line, f/p - Edmund You throw a boomerang.
The boomerang hits Edmund but does no damage.
You barely miss Edmund.
Edmund hits you with a +7 vorpal dire flail!
Edmund hits you with a +7 vorpal dire flail.
You hit Edmund.
Edmund is lightly wounded.
Edmund hits you but does no damage.
You closely miss Edmund.
Edmund is lightly wounded.
Edmund hits you with a +7 vorpal dire flail.
You hit Edmund.
Edmund is lightly wounded.
You block Edmund's attack.
You slash Edmund!
Edmund is moderately wounded.
Edmund completely misses you. You block Edmund's attack.
You slash Edmund!
Edmund is heavily wounded.
Edmund hits you but does no damage.
You barely miss Edmund.
Edmund is heavily wounded.
You block Edmund's attack.
You closely miss Edmund.
Edmund is heavily wounded.
Edmund hits you but does no damage.
You hit Edmund but do no damage.
Edmund is heavily wounded.
Edmund hits you with a +7 vorpal dire flail!
Edmund hits you with a +7 vorpal dire flail.
You die...

#...... ......# ##.....
###+ #..... #.....#
##... #....#######.....#
.....##....##....##....#
.......?...#......'....#
..[........#.<...##....+
...........#.....####.##
......@@...+......# #.##
.....##....###...## #..#
##. #....###...## ##.#
#...........# #..
#...........# ###
##..........##
#...........#
#..........##
#..........#


You could see Edmund.

Vanquished Creatures
  An ice beast (D:3)
  A jelly (Sewer)
  5 adders
  2 river rats (Sewer)
  3 worms
  3 dart slugs
  13 ball pythons
  5 bats
  13 endoplasms
  9 giant cockroaches
  3 goblins
  3 hobgoblins
  3 jackals (D:1)
  4 kobolds
  5 quokkas
  6 frilled lizards
  16 rats
95 creatures vanquished.

Notes
Turn   | Place    | Note
-------+----------+-------------------------------------------
     0 | D:1      | qw the Gargoyle Fighter began the quest for the Orb.
     0 | D:1      | Reached XP level 1. HP: 14/14 MP: 1/1
     0 | D:1      | 0 ||| qw: Version: 0.1-a-113-g051387a
     0 | D:1      | 0 ||| qw: Game counter: 7280
     0 | D:1      | 0 ||| qw: Always use a shield: true
     0 | D:1      | 0 ||| qw: God list: Okawaru
     0 | D:1      | 0 ||| qw: Allow faded altars: false
     0 | D:1      | 0 ||| qw: Do Orc after D:15 true
     0 | D:1      | 0 ||| qw: Do second Lair branch before Depths: true
     0 | D:1      | 0 ||| qw: Lair rune preference: random
     0 | D:1      | 0 ||| qw: Plans: Normal, Zot, God:TSO, Crypt, Tomb, Zig,
                  | Orb
     0 | D:1      | 0 ||| PLANNING D:1-11
   171 | D:1      | Reached skill level 2 in Axes
   413 | D:1      | Reached XP level 2. HP: 19/19 MP: 2/2
   663 | D:1      | Found a faded altar of an unknown god.
   700 | D:1      | Reached skill level 3 in Axes
   736 | D:1      | Reached XP level 3. HP: 23/23 MP: 3/3
   767 | D:1      | 767 ||| Stepping ~*~*~tactically~*~*~ (hiding).
  1049 | D:1      | 1049 ||| UPGRADING to +0 pair of gloves.
  1054 | D:1      | 1054 ||| READING 3 scrolls labelled QOABBEO YJIEMI.
  1055 | D:1      | 1055 ||| READING scroll labelled KIDDYI SIOGRIDGHOA.
  1056 | D:1      | 1056 ||| DRINKING 2 fizzy cyan potions.
  1057 | D:1      | 1057 ||| READING 2 scrolls of identify.
  1057 | D:1      | 1057 ||| IDENTIFYING puce potion
  1145 | D:2      | 1145 ||| Stepping ~*~*~tactically~*~*~ (stealth).
  1161 | D:2      | 1161 ||| Stepping ~*~*~tactically~*~*~ (stealth).
  1167 | D:2      | 1167 ||| Stepping ~*~*~tactically~*~*~ (stealth).
  1201 | D:2      | Reached XP level 4. HP: 28/28 MP: 4/4
  1222 | D:2      | 1222 ||| DROPPING +0 club.
  1284 | D:2      | Reached skill level 4 in Axes
  1907 | D:2      | 1907 ||| READING scroll labelled PIESAB BAUFOE.
  1908 | D:2      | 1908 ||| READING 2 scrolls labelled OHIUNA NELON.
  1909 | D:2      | 1909 ||| READING scroll labelled ZATONK REKK.
  1910 | D:2      | 1910 ||| READING 2 scrolls of identify.
  1910 | D:2      | 1910 ||| IDENTIFYING purple potion
  1911 | D:2      | 1911 ||| DROPPING potion of flight.
  1912 | D:2      | 1912 ||| DROPPING scroll of immolation.
  1921 | D:3      | 1921 ||| PLANNING SEWER
  2062 | D:3      | 2062 ||| Stepping ~*~*~tactically~*~*~ (stealth).
  2174 | D:3      | Noticed an ice beast
  2187 | D:3      | Killed an ice beast
  2188 | D:3      | Reached skill level 5 in Axes
  2188 | D:3      | Reached XP level 5. HP: 16/32 MP: 5/5
  2429 | D:3      | Found the +3 woodcutter's axe {vorpal}
  2491 | D:3      | 2491 ||| Stepping ~*~*~tactically~*~*~ (stealth).
  2524 | D:3      | Found a glowing drain.
  2525 | D:3      | 2525 ||| UPGRADING to +0 pair of boots.
  2538 | Sewer    | Entered a sewer
  2574 | Sewer    | 2574 ||| Stepping ~*~*~tactically~*~*~ (stealth).
  2584 | Sewer    | Reached XP level 6. HP: 34/37 MP: 6/6
  2793 | Sewer    | 2793 ||| Stepping ~*~*~tactically~*~*~ (water).
  2859 | Sewer    | 2859 ||| Stepping ~*~*~tactically~*~*~ (stealth).
  2902 | Sewer    | Found a viscous altar of Jiyva.
  2935 | Sewer    | Reached skill level 1 in Dodging
  3058 | Sewer    | 3058 ||| DRINKING 2 fuming amethyst potions.
  3078 | D:3      | 3078 ||| PLANNING D:1-11
  3181 | D:3      | Found a runed translucent door.
  3182 | D:3      | Noticed Crazy Yiuf
  3185 | D:3      | 3185 ||| DROPPING +0 mace.
  3247 | D:3      | 3247 ||| READING 2 scrolls of identify.
  3247 | D:3      | 3247 ||| IDENTIFYING fizzy emerald potion
  3321 | D:4      | Found an opulent altar of Gozag.
  3383 | D:4      | Noticed Edmund
  3396 | D:4      | HP: 6/38 [Edmund/+7 vorpal dire flail (11)]
  3396 | D:4      | Slain by Edmund

Levels and vault maps discovered:
D:1:      ebering_trefoil_twist, layout_basic, basic_ecumenical_altar,
          minmay_cut_off
D:2:      layout_basic, chequers_serial_rivers_micro_e
D:3:      layout_rooms, portal_sewer_entry_b, uniq_crazy_yiuf_cottage
D:4:      layout_gridville, mainiacjoe_overflow_six_doors_small,
          minmay_lizard_king, uniq_grinder, uniq_edmund, uniq_sigmund

Skill      XL: |  1  2  3  4  5  6 |
---------------+-------------------+-----
Axes           | 2 3 5 |  5.3
Fighting       | 4 |  4.0
Dodging        | 1 |  1.1
Armour         | |  3.2
Shields        | |  3.2

Action                   |  1- 3 |  4- 6 || total
-------------------------+-------+-------++-------
Melee: War axe           |    89 |   133 ||   222
Throw: Boomerang         |    24 |    79 ||   103
  Use: Scroll            |     3 |     5 ||     8
       Potion            |     1 |     1 ||     2
Armor: Scale mail        |    40 |    64 ||   104
Dodge: Dodged            |    46 |    33 ||    79
Block: Buckler           |    24 |    25 ||    49

Table legend:
 A = Non-vault XP
 B = Vault XP
 C = Vault XP percentage of total XP
 D = Non-vault monster count
 E = Vault monster count
 F = Vault count percentage of total count
                 A         B        C        D         E       F
            +---------+---------+-------+---------+---------+-------
      Total |     290 |     132 |  31.3 |      60 |      35 |  36.8
            +---------+---------+-------+---------+---------+-------
        D:1 |      49 |       3 |   5.8 |      26 |       2 |   7.1
        D:2 |      67 |       0 |   0.0 |      16 |       0 |   0.0
        D:3 |     174 |      12 |   6.5 |      18 |       7 |  28.0
      Sewer |       0 |     117 | 100.0 |       0 |      26 | 100.0
            +---------+---------+-------+---------+---------+-------
